 Dungeon Crawl Stone Soup version 0.29-a0-872-g797fff5ad1 (webtiles) character file.

Game seed: 2013895140327598191

166476 Ajdolov the Ecstatic (level 17, -9/156 HPs)
             Began as a Hill Orc Gladiator on July 18, 2022.
             Was a Priest of Uskayaw.
             Mangled by a freezing wraith (22 damage)
             ... in an ice cave.
             The game lasted 00:42:20 (23646 turns).

Ajdolov the Ecstatic (Hill Orc Gladiator)          Turns: 23646, Time: 00:42:20

Health: -9/156     AC: 25    Str: 38    XL:     17   Next: 90%
Magic:  11/11      EV: 15    Int:  8    God:    Uskayaw [***...]
Gold:   1052       SH:  0    Dex: 11    Spells: 16/16 levels left

rFire   . . .      SeeInvis .   X - +3 battleaxe of the Priest {antimagic, Fly rCorr Str+7 Dex-5}
rCold   . . .      Faith    +   (shield currently unavailable)
rNeg    . . .      Spirit   .   L - +0 storm dragon scales
rPois   .          Reflect  .   c - +2 helmet
rElec   +          Harm     .   p - +1 cloak of the Evening Star {Dex+4}
rCorr   +          Rampage  .   U - +1 pair of gloves
Will    +....                   f - +1 pair of boots
Stlth   ..........              T - amulet of faith
HPRegen 0.36/turn               M - +4 ring of evasion
MPRegen 0.12/turn               v - +6 ring of strength

@: flying, studying 2 skills
A: no striking features
a: Renounce Religion, Stomp, Line Pass


You were in an ice cave.
You worshipped Uskayaw.
Uskayaw was extremely pleased with you.
You visited 4 branches of the dungeon, and saw 23 of its levels.
You also visited: Bailey and Ice Cave.

You collected 3104 gold pieces.
You spent 2052 gold pieces at shops.

Inventory:

Hand Weapons
 a - a +4 battleaxe of freezing
 b - a +4 flail
 s - a +0 bardiche
 C - a +0 broad axe
 X - the +3 battleaxe of the Priest (weapon) {antimagic, Fly rCorr Str+7 Dex-5}
   (You found it on level 14 of the Dungeon)

   It reduces the magical energy of the wielder, and disrupts the spells and
   magical abilities of those it strikes.
   Natural abilities and divine invocations are not affected.
   Str:       It affects your strength (+7).
   Dex:       It affects your dexterity (-5).
   Fly:       It grants you flight.
   rCorr:     It protects you from acid and corrosion.
Missiles
 d - a throwing net (quivered)
 e - 9 javelins
Armour
 c - a +2 helmet (worn)
 f - a +1 pair of boots (worn)
 p - the +1 cloak of the Evening Star (worn) {Dex+4}
   (You found it on level 3 of the Dungeon)

   Dex:       It affects your dexterity (+4).
 L - +0 storm dragon scales (worn)
 U - a +1 pair of gloves (worn)
Jewellery
 v - a +6 ring of strength (right hand)
 w - an amulet of regeneration
 H - a ring of fire
 M - a +4 ring of evasion (left hand)
 Q - a ring of flight
 T - an amulet of faith (around neck)
Wands
 r - a wand of flame (40)
 x - a wand of acid (10)
 O - a wand of digging (5)
 R - a wand of mindburst (6)
 V - a wand of polymorph (5)
 W - a wand of iceblast (6)
Scrolls
 g - 2 scrolls of vulnerability
 h - 3 scrolls of fog
 k - a scroll of enchant armour
 l - 2 scrolls of silence
 m - 2 scrolls of fear
 n - 4 scrolls of blinking
 t - 4 scrolls of poison
 u - 7 scrolls of immolation
 y - 7 scrolls of identify
 A - 3 scrolls of teleportation
 D - a scroll of amnesia
 J - a scroll of brand weapon
 P - a scroll of noise
 S - a scroll of magic mapping
Potions
 i - 4 potions of attraction
 j - 5 potions of flight
 o - 9 potions of curing
 q - 3 potions of lignification
 z - a potion of degeneration
 B - 3 potions of haste
 E - 2 potions of resistance
 F - 2 potions of brilliance
 G - a potion of might
 K - 2 potions of mutation
 N - a potion of cancellation
Miscellaneous
 I - a phial of floods


   Skills:
 - Level 15.2 Fighting
 - Level 20.0 Axes
 * Level 9.4 Throwing
 - Level 10.0 Armour
 * Level 6.2 Dodging
 - Level 24.0 Invocations


You had 16 spell levels left.
You didn't know any spells.
Your spell library contained the following spells:

 Spells                   Type           Power      Damage    Failure   Level
 Apportation              Tloc           0%         N/A       78%         1
 Beastly Appendage        Tmut           0%         N/A       78%         1
 Magic Dart               Conj           0%         1d3       78%         1
 Necrotise                Necr           0%         1d4       78%         1
 Summon Small Mammal      Summ           0%         N/A       78%         1
 Call Imp                 Summ           0%         N/A       89%         2
 Wereblood                Tmut           0%         N/A       89%         2
 Mephitic Cloud           Conj/Pois/Air  0%         N/A       98%         3
 Ozocubu's Armour         Ice            0%         N/A       98%         3
 Spider Form              Tmut/Pois      0%         N/A       98%         3
 Summon Lightning Spire   Summ/Air       0%         N/A       100%        4
 Blade Hands              Tmut           0%         N/A       100%        5
 Irradiate                Conj/Tmut      0%         3d11      100%        5
 Dispersal                Tloc           0%         N/A       100%        6
 Dragon Form              Tmut           0%         N/A       100%        7
 Ozocubu's Refrigeration  Ice            0%         4d5       100%        7
 Storm Form               Tmut/Air       0%         N/A       100%        7
 Disjunction              Tloc           0%         N/A       100%        8
 Maxwell's Capacitive Co  Air            0%         ∞         100%        8


Dungeon Overview and Level Annotations

Branches:
Dungeon (15/15)            Temple (0/1) D:6            Lair (5/5) D:11
  Swamp (0/4) Lair:3        Snake (1/4) Lair:3        Slime (0/5) Lair:4
    Orc (2/2) D:10            Elf (0/3) Orc:2        Vaults (0/5) D:13
 Depths (0/4) D:15         Bailey (visited)           IceCv (1/1)

Altars:
Ashenzari
Elyvilon
Fedhas
Hepliaklqana
Makhleb
Okawaru
Qazlal
Sif Muna
Trog
Uskayaw
Wu Jian
Xom
Yredelemnul
Beogh
Jiyva

Shops:
Orc:2 ==*(

Portals:
Trove: D:12 (show slimy rune of Zot)

Annotations:
D:10 3 runed translucent doors, hackon's ghost, novice HOFi


Message History

Aim: a caustic shrike simulacrum (moderately damaged, 60% to hit)
You throw a throwing net.
The throwing net hits the caustic shrike simulacrum.
The caustic shrike simulacrum is caught in the net!
The caustic shrike simulacrum is moderately damaged.
The caustic shrike simulacrum struggles against the net.
You slash the caustic shrike simulacrum!
The caustic shrike simulacrum is moderately damaged.
The caustic shrike simulacrum struggles against the net.
You can now pass through a line of other dancers.
You catch the helpless caustic shrike simulacrum completely off-guard!
You slice the caustic shrike simulacrum!!
The caustic shrike simulacrum is almost destroyed.
You hit the spriggan defender simulacrum but do no damage.
The caustic shrike simulacrum struggles against the net.
The spriggan defender simulacrum barely misses you.
You catch the helpless caustic shrike simulacrum completely off-guard!
You hit the caustic shrike simulacrum.
The caustic shrike simulacrum is almost destroyed.
You closely miss the spriggan defender simulacrum.
The caustic shrike simulacrum struggles against the net.
The net rips apart, and the caustic shrike simulacrum comes free!
The spriggan defender simulacrum hits you but does no damage.
The caustic shrike simulacrum claws you but does no damage.
Uskayaw will force your foes to helplessly watch your dance.
Uskayaw prepares the audience for your solo!
The helpless caustic shrike simulacrum fails to defend itself.
You cut the caustic shrike simulacrum into ribbons!!!
The caustic shrike simulacrum vaporises!
The helpless spriggan defender simulacrum fails to defend itself.
You carve the spriggan defender simulacrum like a ham!!!
The spriggan defender simulacrum vaporises!
Unknown command.
The freezing wraith is no longer paralysed.
The freezing wraith attacks as you move away!
The freezing wraith hits you but does no damage. x2
You feel better. The freezing wraith hits you.
* * * LOW HITPOINT WARNING * * *
The freezing wraith freezes you!!
You die...

##...## #.# #.Z.
##...##..# ##Z.#
####..#..# ##W.#
#≈#......# #..##
#≈≈.#...## ##.(##
#≈≈###### ###.Z##
#≈≈≈≈# ##.##..#
##≈≈≈#
####...#..#
##≈.###.#...@#°○#
##).......#.W.##
#........#..##
#8.....8#####
#.......#
#.._....#
#.......#
#8.....8#
#......##


You could see a freezing wraith.

Vanquished Creatures
  Rupert (D:13)
  An orc warlord (Bailey)
  A fire giant (D:15)
  The ghost of Gargoyl the Severer, an adept GrBe of Trog (D:14)
  A ghost moth (shapeshifter) (D:13)
  The ghost of Qugusu the Gelid, an adept GrIE of Sif Muna (D:14)
  The ghost of Zero the Gelid, an adept GrIE of Sif Muna (D:14)
  The ghost of Conn the Arsonist, a journeyman OpFE of Sif Muna (D:14)
  Nessos (Orc:2)
  Azrael (D:12)
  The ghost of Boig the Cleaver, a journeyman GrFi of the Shining One (D:14)
  An ettin (Orc:2)
  Josephine (Orc:2)
  6 hydras
  3 boulder beetles
  7 centaur warriors
  A caustic shrike simulacrum (IceCv)
  Harold (D:10)
  4 two-headed ogres
  A dancing weapon (Lair:1)
  A tengu warrior (D:13)
  The ghost of Zero the Summoner, a journeyman GrSu of Sif Muna (Lair:1)
  Urug (Lair:1)
  5 orc high priests (Orc:2)
  3 skeletal warriors (D:15)
  4 bog bodies
  Pikel (D:7)
  A spriggan simulacrum (IceCv)
  5 deep elf pyromancers
  2 necromancers
  12 orc knights
  21 ugly things
  2 wolf spiders
  6 manticores
  An orc sorcerer (Orc:2)
  5 cyclopes
  18 elephants
  3 black mambas
  2 gargoyles (D:12)
  2 unseen horrors
  15 cane toads
  3 rime drakes (Lair:5)
  2 anaconda simulacra (IceCv)
  A kobold demonologist (D:11)
  9 komodo dragons
  Psyche (D:10)
  An ice devil (IceCv)
  12 freezing wraiths (IceCv)
  A tengu conjurer (D:13)
  A yaktaur (D:13)
  A meliai (D:13)
  6 hornets (Lair:5)
  8 trolls
  A wolf spider simulacrum (D:14)
  7 polar bears
  7 slime creatures
  A tarantella (shapeshifter) (D:13)
  A dream sheep (Lair:5)
  16 blink frogs
  2 centaur simulacra
  5 wraiths
  A shadow (D:12)
  2 dire elephant simulacra (IceCv)
  15 spriggans (Lair:5)
  60 yaks
  3 wyverns
  22 humans
  3 basilisks
  2 fire elementals (D:12)
  2 minotaur simulacra (IceCv)
  Grum (Lair:1)
  12 vampire mosquitoes
  4 swamp worms (Lair:3)
  3 wargs (D:15)
  5 harpy simulacra (IceCv)
  2 acid dragons (D:11)
  2 nagas (Lair:3)
  2 hell hounds (D:12)
  4 water moccasins
  3 hydra simulacra (IceCv)
  8 black bears
  47 orc warriors
  2 sky beasts (D:7)
  A meliai simulacrum (D:10)
  4 boggarts (Lair:5)
  An alligator simulacrum (IceCv)
  An ice beast (D:8)
  19 centaurs
  58 wolves
  10 ogres
  A phantom (D:4)
  16 bullfrogs
  5 kobold brigands
  2 necrophages
  2 deep troll simulacra (IceCv)
  2 scorpions (D:6)
  12 wights
  5 killer bees (D:9)
  3 lindwurm simulacra (IceCv)
  6 howler monkeys
  2 electric eels
  4 jellies
  29 orc priests
  4 hounds
  4 iguanas
  22 orc wizards
  Natasha (thrice) (D:3)
  3 yak simulacra (Lair:2)
  3 wolf simulacra (Lair:2)
  4 polar bear simulacra (Lair:2)
  21 gnolls
  7 adders
  2 shadow imps (D:7)
  2 white imps
  2 ufetubi
  3 dart slugs (D:5)
  79 orcs
  6 ball pythons
  6 endoplasms
  2 giant cockroaches
  25 goblins
  11 hobgoblins
  2 jackals (D:2)
  2 quokkas (D:2)
  7 bats
  5 frilled lizards
  27 kobolds
  5 rats
  A river rat simulacrum (Lair:2)
879 creatures vanquished.

Vanquished Creatures (others)
  A centaur (D:13)
  An ufetubus (D:10)
  An orc (Orc:2)
  47 fungi
  36 plants
86 creatures vanquished.

Grand Total: 965 creatures vanquished

Notes
Turn   | Place    | Note
-------+----------+-------------------------------------------
     0 | D:1      | Ajdolov the Hill Orc Gladiator began the quest for the Orb.
     0 | D:1      | Reached XP level 1. HP: 18/18 MP: 1/1
   126 | D:1      | Reached XP level 2. HP: 25/25 MP: 2/2
   645 | D:2      | Reached skill level 5 in Axes
   645 | D:2      | Reached XP level 3. HP: 19/31 MP: 3/3
   771 | D:2      | Reached XP level 4. HP: 16/38 MP: 4/4
  1255 | D:2      | You fall into a shaft and drop 1 floor!
  1503 | D:2      | Found a faded altar of an unknown god.
  1856 | D:3      | Reached XP level 5. HP: 11/46 MP: 5/5
  2604 | D:3      | Noticed Natasha
  2614 | D:3      | Killed Natasha
  2804 | D:3      | Noticed Natasha
  2809 | D:3      | Killed Natasha
  2939 | D:3      | Reached XP level 6. HP: 52/53 MP: 6/6
  2975 | D:3      | Identified the +1 cloak of the Evening Star {Dex+4}
  3211 | D:3      | Found a hide-covered altar of Uskayaw.
  3212 | D:3      | Found an iron altar of Okawaru.
  3220 | D:3      | Became a worshipper of Uskayaw the Reveller
  3450 | D:3      | Noticed Natasha
  3455 | D:3      | Reached * piety under Uskayaw
  3457 | D:3      | Killed Natasha
  3573 | D:4      | Reached ** piety under Uskayaw
  3585 | D:4      | Reached skill level 1 in Invocations
  3747 | D:4      | Reached *** piety under Uskayaw
  3749 | D:4      | Reached skill level 2 in Invocations
  3750 | D:4      | Reached **** piety under Uskayaw
  3753 | D:4      | Reached XP level 7. HP: 34/60 MP: 8/8
  4016 | D:4      | Found a hazy altar of Hepliaklqana.
  4088 | D:4      | Found a white marble altar of Elyvilon.
  4144 | D:4      | Found a burning altar of Makhleb.
  4154 | D:4      | Reached skill level 3 in Invocations
  4179 | D:5      | Entered Level 5 of the Dungeon
  4375 | D:5      | Reached skill level 4 in Invocations
  4378 | D:5      | Reached skill level 10 in Axes
  4615 | D:5      | Reached XP level 8. HP: 61/67 MP: 11/11
  4701 | D:5      | Reached skill level 5 in Invocations
  5236 | D:6      | Reached skill level 6 in Invocations
  5680 | D:6      | Found a staircase to the Ecumenical Temple.
  6181 | D:7      | Found a stormy altar of Qazlal.
  6211 | D:7      | Reached XP level 9. HP: 63/72 MP: 14/14
  6297 | D:7      | Noticed Pikel
  6334 | D:7      | Killed Pikel
  6335 | D:7      | Reached skill level 7 in Invocations
  6508 | D:7      | Reached skill level 8 in Invocations
  6610 | D:7      | Reached ***** piety under Uskayaw
  6845 | D:7      | Reached skill level 9 in Invocations
  7384 | D:8      | Reached XP level 10. HP: 62/80 MP: 15/17
  7387 | D:8      | Reached skill level 15 in Axes
  7445 | D:8      | Noticed a two-headed ogre
  7475 | D:8      | Killed a two-headed ogre
  7476 | D:8      | Reached skill level 10 in Invocations
  7752 | D:8      | Found a broken altar of Ashenzari.
  7863 | D:8      | Found a shimmering blue altar of Sif Muna.
  8164 | D:9      | Reached skill level 5 in Fighting
  8178 | D:9      | Reached skill level 11 in Invocations
  8359 | D:9      | Reached skill level 12 in Invocations
  8374 | D:9      | Found a flagged portal.
  8382 | Bailey   | Entered a bailey
  8446 | Bailey   | Reached XP level 11. HP: 84/91 MP: 20/20
  8622 | Bailey   | Noticed an orc warlord
  8632 | Bailey   | Reached skill level 13 in Invocations
  8643 | Bailey   | Killed an orc warlord
  8757 | Bailey   | Reached XP level 12. HP: 101/101 MP: 22/22
  9306 | D:9      | Found a blossoming altar of Fedhas.
  9389 | D:10     | Entered Level 10 of the Dungeon
  9397 | D:10     | Found an ornate altar of the Wu Jian Council.
  9548 | D:10     | Reached ****** piety under Uskayaw
  9596 | D:10     | Noticed Harold
  9614 | D:10     | Killed Harold
  9697 | D:10     | Noticed a two-headed ogre
  9702 | D:10     | Killed a two-headed ogre
  9743 | D:10     | Found a staircase to the Orcish Mines.
  9809 | D:10     | Found a basalt altar of Yredelemnul.
  9898 | D:10     | Noticed Psyche
  9906 | D:10     | Killed Psyche
  9907 | D:10     | Reached skill level 1 in Armour
  9983 | D:10     | Reached skill level 14 in Invocations
 10219 | D:10     | Found a runed translucent gate.
 10220 | D:10     | Found a runed translucent gate.
 10220 | D:10     | Noticed hackon's ghost (novice HOFi)
 10223 | D:10     | Found a runed translucent gate.
 10285 | Orc:1    | Entered Level 1 of the Orcish Mines
 10648 | D:11     | Reached skill level 10 in Fighting
 10850 | D:11     | Reached XP level 13. HP: 113/113 MP: 23/23
 10972 | D:11     | Found a staircase to the Lair.
 11066 | Lair:1   | Entered Level 1 of the Lair of Beasts
 11124 | Lair:1   | Noticed Grum
 11133 | Lair:1   | Killed Grum
 11179 | Lair:1   | Reached skill level 5 in Armour
 11179 | Lair:1   | Reached skill level 15 in Invocations
 11452 | Lair:1   | Found a runed translucent door.
 11455 | Lair:1   | Found a shimmering altar of Xom.
 11455 | Lair:1   | Noticed Zero's ghost (journeyman GrSu)
 11457 | Lair:1   | Noticed Urug
 11469 | Lair:1   | Killed Urug
 11672 | Lair:1   | Identified a scroll of acquirement
 11672 | Lair:1   | Acquired 691 gold pieces
 12058 | Lair:2   | Reached skill level 16 in Invocations
 13080 | Lair:3   | Reached skill level 17 in Invocations
 13225 | Lair:3   | Reached XP level 14. HP: 101/121 MP: 26/26
 13361 | Lair:3   | Reached skill level 10 in Armour
 13368 | Lair:3   | Found a staircase to the Snake Pit.
 13419 | Lair:3   | Reached skill level 18 in Invocations
 13694 | Lair:3   | Found a staircase to the Swamp.
 13935 | Lair:4   | Found a viscous altar of Jiyva.
 13935 | Lair:4   | Found a staircase to the Slime Pits.
 14729 | Lair:5   | Entered Level 5 of the Lair of Beasts
 14749 | Lair:5   | Reached skill level 19 in Invocations
 14902 | Lair:5   | Reached skill level 20 in Invocations
 15229 | Lair:5   | Reached skill level 21 in Invocations
 15355 | Lair:5   | Reached XP level 15. HP: 83/128 MP: 29/29
 15567 | Lair:1   | Killed Zero's ghost
 15661 | Snake:1  | Entered Level 1 of the Snake Pit
 16154 | D:12     | Found a portal to a secret trove of treasure.
 16550 | D:12     | Noticed Azrael
 16555 | D:12     | Killed Azrael
 17149 | Orc:2    | Entered Level 2 of the Orcish Mines
 17149 | Orc:2    | Found a roughly hewn altar of Beogh.
 17150 | Orc:2    | Noticed Josephine
 17165 | Orc:2    | Killed Josephine
 17167 | Orc:2    | Reached skill level 22 in Invocations
 17294 | Orc:2    | Found a staircase to the Elven Halls.
 18064 | Orc:2    | Noticed Nessos
 18085 | Orc:2    | Killed Nessos
 18468 | Orc:2    | Found Usylos's Jewellery Shop.
 18469 | Orc:2    | Found Hoqeymo's Assorted Antiques.
 18469 | Orc:2    | Found Avagrej's Jewellery Shop.
 18470 | Orc:2    | Found Laqeyrej's Weapon Shop.
 18477 | Orc:2    | Bought a potion of experience for 1300 gold pieces
 18477 | Orc:2    | Bought a potion of curing for 78 gold pieces
 18477 | Orc:2    | Bought a potion of curing for 78 gold pieces
 18477 | Orc:2    | Bought a potion of curing for 78 gold pieces
 18477 | Orc:2    | Bought a potion of attraction for 78 gold pieces
 18481 | Orc:2    | Bought an amulet of faith for 440 gold pieces
 18500 | Orc:2    | Reached skill level 5 in Throwing
 18500 | Orc:2    | Reached XP level 16. HP: 144/144 MP: 31/31
 18669 | D:13     | Noticed Rupert
 18669 | D:13     | Found a gate to the Vaults.
 18676 | D:13     | Killed Rupert
 18805 | D:13     | Reached skill level 23 in Invocations
 18851 | D:13     | HP: 3/146 [meliai/+1 vorpal hand axe (8)]
 18851 | D:13     | HP: 1/146 [meliai/+1 vorpal hand axe (1)]
 18860 | D:13     | Reached XP level 17. HP: 23/152 MP: 32/32
 18902 | D:13     | HP: 3/152 [centaur warrior/arrow (19)]
 20918 | D:14     | Reached skill level 15 in Fighting
 21791 | D:14     | Found a runed translucent gate.
 21791 | D:14     | Found a runed translucent gate.
 21791 | D:14     | Found a runed translucent gate.
 21793 | D:14     | Noticed Gargoyl's ghost (adept GrBe)
 21793 | D:14     | Noticed Boig's ghost (journeyman GrFi)
 21794 | D:14     | Noticed Zero's ghost (adept GrIE)
 21794 | D:14     | Noticed Qugusu's ghost (adept GrIE)
 21794 | D:14     | Noticed Conn's ghost (journeyman OpFE)
 21986 | D:14     | Killed Conn's ghost
 21987 | D:14     | Killed Gargoyl's ghost
 21988 | D:14     | Killed Zero's ghost
 21988 | D:14     | Killed Boig's ghost
 21992 | D:14     | Killed Qugusu's ghost
 21999 | D:14     | Identified the +3 battleaxe of the Priest {antimagic, Fly
                  | rCorr Str+7 Dex-5}
 22096 | D:14     | Identified the +6 whip of Resumed Hostilities {drain, rElec
                  | rF+}
 22163 | D:15     | Entered Level 15 of the Dungeon
 22215 | D:15     | Reached skill level 24 in Invocations
 22442 | D:15     | Found a staircase to the Depths.
 22533 | D:15     | Found a bloodstained altar of Trog.
 22738 | D:15     | Found a frozen archway.
 22756 | D:15     | Reached skill level 5 in Dodging
 22785 | IceCv    | Entered an ice cave
 23563 | IceCv    | Found an ancient bone altar of Kikubaaqudgha.
 23635 | IceCv    | HP: 5/156 [caustic shrike simulacrum (41)]
 23646 | IceCv    | Mangled by a freezing wraith

Illustrated notes

Levels and vault maps discovered:
D:1:      shiori_arrival_elements, layout_rooms
D:2:      layout_loops_cross, shapermc_ecumenical_altar_notcrosses
D:3:      layout_loops_ring, gammafunk_temple_overflow_statue, uniq_natasha
D:4:      layout_basic, worldfamousw_hep_ancestral_shrine,
          mainiacjoe_overflow_boulevard, makhleb_heckhound_becter
D:5:      layout_basic, serial_aquarium, aquarium_bridge_square
          [aquarium_subvault_bridge, aquarium_subvault_wall,
          aquarium_subvault_balcony, aquarium_subvault_bridge],
          aquarium_window_1, aquarium_window_fake, aquarium_view_2e,
          aquarium_view_2d, aquarium_pool_2
D:6:      layout_loops_corners, temple_green, kennysheep_opposing_triangles
D:7:      layout_basic, overflow_temple_1_default, serial_corexii_hall,
          chequers_hall_statues_wall_a, corexii_hall_statues_u,
          grunt_ministairs_12, chequers_serial_rivers_large_a, uniq_pikel
D:8:      layout_basic, kennysheep_orc_sif_temple,
          nicolae_overflow_crystal_walls
D:9:      layout_loops_ring, kennysheep_mini, enter_bailey_3, minmay_ruffians
D:10:     nicolae_cairo_tiling_very_big, layout_basic, old_standard_altar,
          overflow_temple_1_default, gammafunk_ghost_nasty_kobolds, serial_ice,
          serial_ice_a, serial_ice_f, serial_ice_g, serial_ice_k, uniq_psyche,
          uniq_harold
D:11:     layout_loops_ring, grunt_lair_entry_orc_guard_hut
D:12:     layout_loops_ring, nicolae_trove_entry_free_sample, uniq_azrael
D:13:     layout_gridville, david_vaults_3, grunt_ministairs_6,
          minmay_the_grid_square_5x5_3x3_mashed
          [minmay_the_grid_square_5x5_checkered_sparse,
          minmay_the_grid_square_5x5_v,
          minmay_the_grid_square_5x5_inverted_slash,
          minmay_the_grid_square_5x5_hourglass,
          minmay_the_grid_square_5x5_megaprize_crossed,
          minmay_the_grid_square_5x5_two_small, minmay_the_grid_square_5x5_comb,
          minmay_the_grid_square_5x5_c, minmay_the_grid_square_5x5_n]
D:14:     layout_stronghold, gammafunk_ghost_cemetery, minmay_misc_feat_rugged
D:15:     grunt_enter_depths_giant_problem, layout_basic, serial_shops,
          nicolae_shop_waterfront, portal_ice_cave_entry_ugly_swarm, basic_altar
Lair:1:   layout_hall_layers, ebering_ghost_xom,
          nicolae_lair_run_with_the_wolves, uniq_grum, uniq_urug
Lair:2:   layout_chaotic_city, eino_house_with_fridge
Lair:3:   layout_hall_layers, nicolae_swamp_entry_splash_gauntlet,
          minmay_snake_entry_guardpost_small, beast_lair_carwin_2,
          infiniplex_staircase_pool_2
Lair:4:   layout_roguey, slime_entry_1, serial_bayou_shore_b, grunt_megastairs_3
Lair:5:   minmay_lair_end_enchanted_forest, layout_long_grid,
          nicolae_quartered_pool_medium
Snake:1:  layout_chambers, grunt_megastairs_2
Orc:1:    layout_diamond_mine
Orc:2:    st_orc_pillars, layout_caves, basic_altar, nicolae_orc_damp_corner,
          uniq_rupert, uniq_nessos, uniq_josephine
IceCv:    ice_cave_small_necro

Skill      XL: |  1  2  3  4  5  6  7  8  9 10 11 12 13 14 15 16 17 |
---------------+----------------------------------------------------+-----
Fighting       | 3 4 6 7 10 13 14 15 | 15.2
Axes           | 5 6 7 8 10 12 14 16 19 20 | 20.0
Invocations    | 2 4 6 9 12 13 14 17 21 22 23 24 | 24.0
Armour         | 3 9 10 | 10.0
Throwing       | 5 9 |  9.4
Dodging        | 6 |  6.2

Action                   |  1- 3 |  4- 6 |  7- 9 | 10-12 | 13-15 | 16-18 || total
-------------------------+-------+-------+-------+-------+-------+-------++-------
Melee: War axe           |    73 |   171 |   272 |   164 |       |       ||   680
       Punch             |     1 |     2 |     1 |     1 |       |     1 ||     6
       Battleaxe         |       |       |       |   177 |   825 |   341 ||  1343
       Flail             |       |       |       |       |    27 |    19 ||    46
Throw: Dart              |       |       |       |     2 |       |       ||     2
       Throwing net      |       |       |       |     2 |     1 |     1 ||     4
       Javelin           |       |       |       |       |     2 |     2 ||     4
Invok: Grand Finale      |       |       |       |       |       |     1 ||     1
Evoke: Wand              |       |       |       |     1 |     2 |     1 ||     4
  Use: Scroll            |       |     7 |     8 |     7 |    11 |     4 ||    37
       Potion            |       |       |       |     1 |     2 |     8 ||    11
 Stab: Paralysed         |       |     3 |    13 |    41 |   132 |    72 ||   261
       Sleeping          |       |     1 |       |       |       |       ||     1
       Held in net/web   |       |       |       |     1 |       |     2 ||     3
Armor: Leather armour    |    22 |    51 |       |       |       |       ||    73
       Plate armour      |       |    35 |   171 |   185 |   234 |       ||   625
       Storm dragon scal |       |       |       |       |   104 |   249 ||   353
Dodge: Dodged            |    56 |   108 |    71 |    82 |   371 |   248 ||   936

Table legend: (Time is in decaauts)
 A = Elapsed time spent in this place.
 B = Non-inter-level travel time spent in this place.
 C = Inter-level travel time spent in this place.
 D = Time resting spent in this place.
 E = Time spent auto-exploring this place.
 F = Levels seen in this place.
 G = Mean time per level.
                   A        B        C        D        E       F      G
               +--------+--------+--------+--------+--------+-----+--------+
         Total |  23244 |  21892 |   1352 |   2724 |  14976 |  25 |  929.8 |
       Dungeon |  15497 |  14669 |    828 |   1695 |  10417 |  15 | 1033.1 |
          Lair |   4897 |   4481 |    416 |    154 |   3442 |   5 |  979.4 |
     Snake Pit |      1 |      1 |      0 |      0 |      0 |   1 |    1.0 |
  Orcish Mines |   1640 |   1532 |    108 |    286 |    782 |   2 |  820.0 |
        Bailey |    369 |    369 |      0 |      0 |    230 |   1 |  369.0 |
      Ice Cave |    837 |    837 |      0 |    589 |    104 |   1 |  837.0 |
               +--------+--------+--------+--------+--------+-----+--------+

Top non-repeatable levels by time:
     D:2: 1835 daAuts
    D:14: 1691 daAuts
    D:12: 1252 daAuts
     D:3: 1238 daAuts
    D:13: 1215 daAuts
   Orc:2: 1186 daAuts
  Lair:2: 1181 daAuts
     D:7: 1167 daAuts
  Lair:1: 1031 daAuts
  Lair:5: 1027 daAuts
    D:10: 1020 daAuts
     D:5: 986 daAuts
     D:6: 985 daAuts
  Lair:3: 851 daAuts
   IceCv: 837 daAuts
